 Dungeon Crawl Stone Soup version 0.25-a0-341-g6f074c887a (webtiles) character file.

Game seed: 9421004933927066413, levelgen mode: deterministic

9 sankara the Grave Robber (level 2, 0/20 HPs)
             Began as a Hill Orc Necromancer on Dec 30, 2019.
             Slain by a jackal (1 damage)
             ... on level 1 of the Dungeon.
             The game lasted 00:02:38 (242 turns).

sankara the Grave Robber (Hill Orc Necromancer)      Turns: 242, Time: 00:02:39

Health: 0/20       AC:  2    Str: 10    XL:     2   Next: 12%
Magic:  0/4        EV: 12    Int: 15    God:
Gold:   0          SH:  0    Dex: 11    Spells: 3/4 levels left

rFire    . . .     SeeInvis .   b - +0 club
rCold    . . .     Gourm    .   (no shield)
rNeg     . . .     Faith    .   a - +0 robe
rPois    .         Spirit   .   (no helmet)
rElec    .         Reflect  .   (no cloak)
rCorr    .         Harm     .   (no gloves)
MR       .....                  (no boots)
Stlth    ++........             (no amulet)
HPRegen  0.06/turn              (no ring)
MPRegen  0.09/turn              (no ring)

@: no status effects
A: no striking features
a: no special abilities


You were on level 1 of the Dungeon.
You were not hungry.

You visited 1 branch of the dungeon, and saw 1 of its levels.

Inventory:

Hand Weapons
 b - a +0 club (weapon)
   (You took it off a hobgoblin on level 1 of the Dungeon)
Armour
 a - a +0 robe (worn)
Comestibles
 c - a ration
 d - a chunk of flesh {@w0}


   Skills:
 + Level 1.8 Dodging
 - Level 1.5 Stealth
 - Level 1.5 Spellcasting
 * Level 4.3 Necromancy


You had 3 spell levels left.
You knew the following spells:

 Your Spells              Type           Power        Failure   Level  Hunger
a - Pain                  Necr           ##..         4%          1    ##.....

Your spell library contained the following spells:

 Spells                   Type           Power        Failure   Level  Hunger
 Animate Skeleton         Necr           N/A          4%          1    ##.....
 Vampiric Draining        Necr           ##........   12%         3    ####...
 Regeneration             Chrm/Necr      #.........   28%         3    ####...
 Animate Dead             Necr           N/A          36%         4    #####..


Dungeon Overview and Level Annotations

Branches:
Dungeon (1/15)

Altars:


Message History

Aim: a hobgoblin, wielding a +0 club (chance to defeat MR: 83%)
The hobgoblin barely resists.
Casting: Pain (safe; 4% risk of failure)
Confirm with . or Enter, or press ? or * to list all spells.
Aiming: Pain (safe; 4% risk of failure)
Press: ? - help, Shift-Dir - straight line, f/p - hobgoblin
Aim: a hobgoblin, wielding a +0 club (chance to defeat MR: 83%)
The hobgoblin writhes in agony.
You kill the hobgoblin!
You start resting.
Magic restored.
HP restored.
A kobold comes into view.
A jackal comes into view.
A jackal comes into view.
Casting: Pain (safe; 4% risk of failure)
Confirm with . or Enter, or press ? or * to list all spells.
Aiming: Pain (safe; 4% risk of failure)
Press: ? - help, Shift-Dir - straight line, f - jackal
Aim: a jackal (resting, chance to defeat MR: 83%)
The jackal barks!
The jackal writhes in agony.
The jackal barks!
A jackal comes into view.
A kobold comes into view. It is wielding a +0 dagger of venom.
The jackal moves out of view.
A jackal comes into view.
Casting: Pain (safe; 4% risk of failure)
Confirm with . or Enter, or press ? or * to list all spells.
Aiming: Pain (safe; 4% risk of failure)
Press: ? - help, Shift-Dir - straight line, f/p - jackal
Aim: a jackal (almost dead, chance to defeat MR: 83%)
The jackal writhes in agony.
You kill the jackal!
The kobold shouts!
You see here 8 gold pieces.
Unknown command.
The jackal bites you.
You see here a hobgoblin skeleton.
The jackal misses you. The jackal bites you. The jackal closely misses you.
The jackal barely misses you.
Casting: Pain (safe; 4% risk of failure)
Confirm with . or Enter, or press ? or * to list all spells.
Aiming: Pain (safe; 4% risk of failure)
Press: ? - help, Shift-Dir - straight line, f - jackal
Aim: a jackal (chance to defeat MR: 83%)
The jackal barely resists.
The jackal closely misses you. The jackal bites you.
Casting: Pain (safe; 4% risk of failure)
Confirm with . or Enter, or press ? or * to list all spells.
Aiming: Pain (safe; 4% risk of failure)
Press: ? - help, Shift-Dir - straight line, f/p - jackal
Aim: a jackal (chance to defeat MR: 83%)
The jackal writhes in agony.
The jackal bites you but does no damage.
Casting: Pain (safe; 4% risk of failure)
Confirm with . or Enter, or press ? or * to list all spells.
Aiming: Pain (safe; 4% risk of failure)
Press: ? - help, Shift-Dir - straight line, f/p - jackal
Aim: a jackal (moderately wounded, chance to defeat MR: 83%)
The jackal writhes in agony.
You kill the jackal!
You have reached level 2!
The jackal barely misses you. The jackal closely misses you.
Really attack unarmed? [Y]es or [N]o only, please.
Really attack unarmed?
Okay, then.
You aren't carrying any potions.
b - a +0 club (weapon)
You hit the jackal but do no damage.
The jackal bites you but does no damage.
The jackal barely misses you.
You hit the jackal.
The jackal is severely wounded.
The jackal closely misses you. The jackal bites you.
* * * LOW HITPOINT WARNING * * *
You barely miss the jackal.
The jackal is severely wounded.
The jackal bites you.
* * * LOW HITPOINT WARNING * * *
The jackal bites you.
* * * LOW HITPOINT WARNING * * *
You barely miss the jackal.
The jackal is severely wounded.
The jackal barely misses you. x2
Casting: Pain (safe; 4% risk of failure)
Confirm with . or Enter, or press ? or * to list all spells.
Aiming: Pain (safe; 4% risk of failure)
Press: ? - help, Shift-Dir - straight line, f - jackal
Aim: a jackal (severely wounded, chance to defeat MR: 83%)
The jackal writhes in agony.
You kill the jackal!
You hit the kobold.
You kill the kobold!
The jackal closely misses you.
You completely miss the jackal. The jackal bites you.
You die...

..#..####### #.#
.)#.###....####.##
..###........##..#
..##..........##.#
.>#............#†#
.##............#.#
#.....####....#.#
#...### ###.<#h#
#..## ####@#
#...### ###....#
#.....####.....##
##............##
#............#
##..........##
##........##
###....### ######


You could see a jackal.

Vanquished Creatures
  3 hobgoblins (D:1)
  3 jackals (D:1)
  A kobold (D:1)
7 creatures vanquished.

Notes
Turn   | Place    | Note
-------+----------+-------------------------------------------
     0 | D:1      | sankara the Hill Orc Necromancer began the quest for the
                  | Orb.
     0 | D:1      | Reached XP level 1. HP: 14/14 MP: 3/3
   231 | D:1      | Reached XP level 2. HP: 8/20 MP: 0/4
   238 | D:1      | HP: 4/20 [jackal (2)]
   242 | D:1      | Slain by a jackal

Levels and vault maps discovered:
D:1:      minmay_arrival_loop, layout_basic

Action                   || total
-------------------------++-------
Melee: Club              ||     6
 Cast: Pain              ||    12
Armor: Robe              ||     2
Dodge: Dodged            ||    11

Table legend:
 A = Non-vault XP
 B = Vault XP
 C = Vault XP percentage of total XP
 D = Non-vault monster count
 E = Vault monster count
 F = Vault count percentage of total count
                 A         B        C        D         E       F
            +---------+---------+-------+---------+---------+-------
      Total |      13 |       0 |   0.0 |       7 |       0 |   0.0
            +---------+---------+-------+---------+---------+-------
        D:1 |      13 |       0 |   0.0 |       7 |       0 |   0.0
            +---------+---------+-------+---------+---------+-------

Levels and vault maps discovered:
D:1:      minmay_arrival_loop, layout_basic

Table legend:
 A = Turns spent in this place as a percentage of turns spent in the entire game.
 B = Non-inter-level travel turns spent in this place as a percentage of non-inter-level travel turns spent in the entire game.
 C = Inter-level travel turns spent in this place as a percentage of turns spent in this place.
 D = Turns resting spent in this place as a percentage of non-inter-level travel turns spent in this place.
 E = Turns spent auto-exploring this place as a percentage of non-inter-level travel turns spent in this place.
 F = Non-inter-level travel turns spent in this place divided by the number of levels of this place that you've seen.
                   A       B       C       D       E      F
               +-------+-------+-------+-------+-------+----------------------
         Total | 100.0 | 100.0 |   0.0 |  45.0 |  22.7 | 242.0
       Dungeon | 100.0 | 100.0 |   0.0 |  45.0 |  22.7 | 242.0
               +-------+-------+-------+-------+-------+----------------------

Table legend:
 A = Kills in this place as a percentage of kills in entire the game.
 B = Kills by you in this place as a percentage of kills by you in the entire game.
 C = Kills by friends in this place as a percentage of kills by friends in the entire game.
 D = Other kills in this place as a percentage of other kills in the entire game.
 E = Experience gained in this place as a percentage of experience gained in the entire game.
 F = Experience gained in this place divided by the number of levels of this place that you have seen.
                   A       B       C       D       E      F
               +-------+-------+-------+-------+-------+----------------------
         Total | 100.0 | 100.0 |   N/A |   N/A | 100.0 |  13.0
       Dungeon | 100.0 | 100.0 |   N/A |   N/A | 100.0 |  13.0
               +-------+-------+-------+-------+-------+----------------------
